[Event "Titled Tuesday Blitz June 27 Late 2023"]
[White "Domingo Nunez, Ruben"]
[Black "Goltsev, Dmitry"]
[WhiteFideId "22245570"]
[BlackFideId "24176710"]
[WhiteElo "2585"]
[BlackElo "2707"]
[Result "1/2-1/2"]
[Round "11"]
[TimeControl "180+2"]
[Date "2023.06.27"]
[WhiteClock "0:00:04"]
[BlackClock "0:00:03"]
[Board "31"]

1. a3 g6 2. h3 Bg7 3. g3 d5 4. Bg2 c5 5. d3 Nc6 6. Nf3 e5 7. c4 dxc4 8. dxc4 Qxd1+ 9. Kxd1 Nge7 10. Nc3 O-O 11. Be3 Nd4 12. Nd2 Rb8 13. b4 Nef5 14. g4 Nxe3+ 15. fxe3 Ne6 16. Nd5 e4 17. Rb1 f5 18. Rf1 b6 19. gxf5 gxf5 20. Rxf5 Rxf5 21. Ne7+ Kf7 22. Nxf5 Be5 23. Nxe4 Bd7 24. Bf3 Ba4+ 25. Ke1 Bc2 26. Rc1 Bb3 27. Bh5+ Kf8 28. Kf2 Ng7 29. Nxg7 Kxg7 30. bxc5 bxc5 31. Nxc5 Bb2 32. Rg1+ Kh6 33. Bf3 Bxc4 34. Ne4 Bxa3 35. Ra1 Be7 36. Rxa7 Bh4+ 37. Kg2 Rg8+ 38. Kh2 Bd8 39. Ng3 Bb6 40. Re7 Bd8 41. Re4 Bc7 42. Rg4 Rxg4 43. hxg4 Kg5 44. Kh3 Be6 45. Ne4+ Kg6 46. Kh4 Bd8+ 47. Kg3 Bc7+ 48. Kf2 Bb6 49. Nd6 Kg5 50. Ne4+ Kg6 51. Nd2 Bc7 52. Ne4 Bb6 1/2-1/2


[Site "https://www.chess.com"]

[Event "Titled Tuesday Blitz June 27 Late 2023"]
[White "Pinheiro, Iung Alicio de O."]
[Black "Hambleton, Aman"]
[WhiteFideId "2104350"]
[BlackFideId "2606577"]
[WhiteElo "2586"]
[BlackElo "2704"]
[Result "0-1"]
[Round "11"]
[TimeControl "180+2"]
[Date "2023.06.27"]
[WhiteClock "0:00:00"]
[BlackClock "0:00:02"]
[Board "32"]

1. e4 d5 2. exd5 Qxd5 3. Nc3 Qe5+ 4. Be2 Bg4 5. d4 Bxe2 6. Ncxe2 Qd5 7. Nf3 c6 8. O-O e6 9. Nf4 Qd8 10. c4 Nf6 11. d5 cxd5 12. cxd5 Nxd5 13. Qb3 Qb6 14. Nxd5 Qxb3 15. Nc7+ Kd7 16. axb3 Kxc7 17. Bf4+ Bd6 18. Ne5 Nc6 19. Rac1 f6 20. Nd3 e5 21. Be3 Rhd8 22. Rc3 a6 23. Rfc1 Kd7 24. Bb6 Rdc8 25. Rd1 Ke6 26. Bc5 Bc7 27. Ba3 Bb6 28. Bc5 Ba5 29. b4 Bc7 30. Be3 Bd6 31. Bc5 Bb8 32. f4 exf4 33. Re1+ Kf7 34. Bb6 Be5 35. Rc4 g5 36. Nc5 Rab8 37. Nd7 Ra8 38. Nc5 Nd4 39. Re4 Nb5 40. h3 Nd6 0-1


[Site "https://www.chess.com"]

[Event "Titled Tuesday Blitz June 27 Late 2023"]
[White "Mirzoev, Azer"]
[Black "David, Bogdan-Emanuel"]
[WhiteFideId "13400304"]
[BlackFideId "1229907"]
[WhiteElo "2685"]
[BlackElo "2575"]
[Result "1-0"]
[Round "11"]
[TimeControl "180+2"]
[Date "2023.06.27"]
[WhiteClock "0:00:05"]
[BlackClock "0:00:00"]
[Board "33"]

1. c4 g6 2. Nc3 Bg7 3. d4 d6 4. e4 Nd7 5. h4 e5 6. d5 h5 7. Nf3 a5 8. Ng5 Nc5 9. Be3 Nh6 10. f3 f6 11. Nh3 Nf7 12. Qd2 Bh6 13. O-O-O Bxe3 14. Qxe3 Qe7 15. Kb1 f5 16. Nf2 f4 17. Qd2 Bd7 18. Nd3 b6 19. Rc1 Rg8 20. Nb5 Bxb5 21. cxb5 g5 22. hxg5 Rxg5 23. b3 Qd7 24. Nb2 Nd8 25. Rc3 Ndb7 26. Qc2 Kd8 27. a3 a4 28. b4 Nb3 29. Ka2 Nd4 30. Qd3 Qg7 31. Rh2 Kd7 32. Rc1 Nb3 33. Rc6 Nd4 34. Nd1 Kc8 35. Rc1 Kb8 36. Nc3 Nb3 37. Rb1 Nd4 38. Qd1 Qd7 39. Rb2 Qe8 40. Bd3 Qg8 41. Qf1 Qe8 42. Bc4 Qg6 43. Ne2 Nxe2 44. Qxe2 Ka7 45. Qd1 Kb8 46. Rc2 Qg7 47. Bf1 Nd8 48. Qc1 Ra7 49. Rb2 Nf7 50. Qd1 Nh8 51. Rc2 Ng6 52. Qd3 Nf8 53. Qd1 Nh7 54. Rd2 Nf6 55. Bd3 Rg3 56. Bc2 Qg5 57. Bxa4 h4 58. Bb3 Kb7 59. a4 Ra8 60. Kb2 Rh8 61. a5 h3 62. gxh3 Rhxh3 63. Rxh3 Rxh3 64. Qc2 Rh7 65. a6+ Kc8 66. Qc6 Qg1 67. Rc2 Qd4+ 68. Ka2 Qxb4 69. Qxb6 1-0


[Site "https://www.chess.com"]

[Event "Titled Tuesday Blitz June 27 Late 2023"]
[White "Palencia Morales, Wilson Guillermo"]
[Black "Bolourchifard, Farzad"]
[WhiteFideId "4401859"]
[BlackFideId "12510084"]
[WhiteElo "2572"]
[BlackElo "2685"]
[Result "0-1"]
[Round "11"]
[TimeControl "180+2"]
[Date "2023.06.27"]
[WhiteClock "0:00:02"]
[BlackClock "0:00:22"]
[Board "34"]

1. d4 Nf6 2. c4 e6 3. Nf3 d5 4. Nc3 Be7 5. Bg5 O-O 6. e3 Nbd7 7. Qc2 c6 8. O-O-O a6 9. h4 b5 10. c5 Ng4 11. Bd3 h6 12. Bf4 e5 13. Bf5 Nxf2 14. Qxf2 exf4 15. exf4 Nf6 16. Bxc8 Qxc8 17. Ne5 b4 18. Na4 Ne4 19. Qf3 Bd8 20. g4 f6 21. Ng6 Rf7 22. Rhg1 Qb7 23. b3 Bc7 24. Kb2 Qc8 25. f5 Qd7 26. Nf4 Bxf4 27. Qxf4 Re8 28. Rde1 Rfe7 29. Re3 Qb7 30. Rge1 Qb5 31. Qf1 Qxf1 32. Rxf1 Nxc5 33. Rxe7 Nxa4+ 34. bxa4 Rxe7 35. Rc1 Re4 36. Rxc6 Rxd4 37. Rxa6 Rxg4 38. Rd6 Rxh4 39. a5 Rh3 40. Rxd5 Ra3 41. Rb5 h5 42. Rxb4 Rxa5 43. Rf4 Kh7 44. a4 Kh6 45. Kb3 Kg5 46. Rf1 h4 47. Rg1+ Kh6 48. Rg4 Rxf5 49. Rxh4+ Kg5 50. Rc4 Ra5 51. Kb4 Ra8 52. Rc5+ f5 53. a5 Kg4 54. Rc7 g5 55. Rf7 f4 56. Kb5 Kf3 57. Kb6 g4 58. Ra7 Rg8 59. Rc7 g3 60. a6 g2 61. Rc1 g1=Q+ 62. Rxg1 Rxg1 63. a7 Ra1 0-1


[Site "https://www.chess.com"]

[Event "Titled Tuesday Blitz June 27 Late 2023"]
[White "Stoleriu, George"]
[Black "JackRodgers"]
[WhiteFideId "1227505"]
[WhiteElo "2674"]
[BlackElo "2571"]
[Result "1/2-1/2"]
[Round "11"]
[TimeControl "180+2"]
[Date "2023.06.27"]
[WhiteClock "0:00:27"]
[BlackClock "0:00:36"]
[Board "35"]

1. e4 c5 2. Nc3 g6 3. d4 cxd4 4. Qxd4 Nf6 5. Nf3 Nc6 6. Qa4 d6 7. e5 dxe5 8. Nxe5 Bg7 9. Bb5 O-O 10. Nxc6 bxc6 11. Bxc6 Bd7 12. Bxd7 Nxd7 13. Bd2 Nb6 14. Qf4 e5 15. Qg5 Bf6 16. Qh6 Nc4 17. Bc1 Rb8 18. O-O Nxb2 19. Ne4 Bg7 20. Qh3 Nc4 21. Bh6 Qc8 22. Qh4 Qd8 23. Qh3 Qc8 24. Qh4 Qd8 25. Bg5 f6 26. Nxf6+ Bxf6 27. Qxc4+ Kg7 28. Be3 Rc8 29. Qb3 Rf7 30. Rfd1 Qc7 31. Rd2 e4 32. Rad1 a5 33. Bb6 Qf4 34. Rd7 Rf8 35. Bc5 Be7 36. g3 Qg5 37. Be3 Qf5 38. Qc3+ Bf6 39. Rxf7+ Rxf7 40. Qd2 h5 41. Qd5 Bc3 42. Qxf5 Rxf5 43. Rd7+ Kf8 44. Ra7 Rb5 45. Kg2 Rb2 46. Bh6+ Kg8 47. Re7 Rxa2 48. Rxe4 Rxc2 49. Rc4 Kf7 50. Be3 a4 51. Bd4 a3 52. Rxc3 Ra2 53. Bc5 Ke6 54. Rxa3 Rc2 55. Be3 Rc6 56. Ra5 Kf7 57. Rb5 Rc2 58. h3 Rc7 59. g4 hxg4 60. hxg4 Kg7 61. Kg3 Rf7 62. Rc5 Kh7 63. Bf4 Rf8 64. Rc7+ Kh8 65. Be5+ Kg8 66. Rg7+ Kh8 67. Rf7+ Kg8 68. Rxf8+ Kxf8 69. Kh4 Kf7 70. Kg5 Ke6 71. f4 Kf7 72. Kh6 g5 73. Kxg5 Kg8 74. Kf6 Kh7 75. g5 Kg8 76. f5 Kh7 77. g6+ Kg8 78. Kg5 Kf8 79. Bf4 Kg8 80. Bg3 Kg7 81. Bh2 Kg8 82. Bg1 Kf8 83. Bf2 Kg8 84. Be1 Kg7 85. Bd2 Kg8 86. Bc1 Kf8 87. Bb2 Kg8 88. Kh6 Kf8 89. Kh7 Ke7 90. f6+ Kd6 91. f7 Kd5 92. f8=Q Kc4 93. g7 Kb3 94. g8=Q+ Kc2 95. Qg2+ Kd3 96. Qff1+ Ke3 97. Bd4+ Kxd4 98. Qd1+ Ke5 99. Qge2+ Kf4 100. Qdf1+ Kg5 101. Qeg2+ Kh4 102. Qfg1 Kh5 103. Kg7 Kh4 104. Kf6 Kh5 105. Kf5 Kh4 106. Kf4 Kh5 107. Qg8 Kh6 108. Kg4 1/2-1/2


[Site "https://www.chess.com"]

[Event "Titled Tuesday Blitz June 27 Late 2023"]
[White "Golubev, Mikhail"]
[Black "Ashraf, Artin"]
[WhiteFideId "14100983"]
[BlackFideId "22514805"]
[WhiteElo "2563"]
[BlackElo "2655"]
[Result "0-1"]
[Round "11"]
[TimeControl "180+2"]
[Date "2023.06.27"]
[WhiteClock "0:00:12"]
[BlackClock "0:00:06"]
[Board "36"]

1. e4 c5 2. Nf3 d6 3. d4 cxd4 4. Nxd4 Nf6 5. Nc3 a6 6. Bc4 e6 7. Bb3 b5 8. O-O Be7 9. Qf3 Qb6 10. Be3 Qb7 11. Qg3 b4 12. Na4 Nbd7 13. f3 O-O 14. Rac1 a5 15. c3 Nc5 16. cxb4 Nxa4 17. Bxa4 Qxb4 18. Nc6 Qxa4 19. Nxe7+ Kh8 20. Qxd6 Ba6 21. Rfd1 Qxa2 22. Qe5 Qb3 23. Bd4 Ne8 24. Qc5 Nf6 25. Bxf6 gxf6 26. Qd4 Kg7 27. e5 fxe5 28. Qxe5+ f6 29. Qg3+ Kf7 30. Rd7 Qe3+ 0-1


[Site "https://www.chess.com"]

[Event "Titled Tuesday Blitz June 27 Late 2023"]
[White "Pert, Richard G"]
[Black "Vlassov, Nikolai"]
[WhiteFideId "404748"]
[BlackFideId "4103360"]
[WhiteElo "2553"]
[BlackElo "2638"]
[Result "1-0"]
[Round "11"]
[TimeControl "180+2"]
[Date "2023.06.27"]
[WhiteClock "0:00:08"]
[BlackClock "0:00:00"]
[Board "37"]

1. d4 Nf6 2. Nc3 d5 3. e4 dxe4 4. f3 c5 5. d5 e6 6. fxe4 exd5 7. exd5 Bd6 8. Nf3 O-O 9. Bg5 h6 10. Bh4 Bg4 11. Be2 Nbd7 12. Qd2 a6 13. O-O-O Qc7 14. Kb1 b5 15. h3 Bf5 16. g4 Bg6 17. g5 hxg5 18. Bxg5 b4 19. Na4 c4 20. Bxf6 Nxf6 21. Nh4 c3 22. Qd4 Be5 23. Qb6 Be4 24. Bf3 cxb2 25. Qxc7 Bxc7 26. d6 Bd8 27. Kxb2 Rc8 28. Bxe4 Nxe4 29. Nf5 Bf6+ 30. Kb1 g6 31. Ne7+ Bxe7 32. dxe7 Rfe8 33. Rd7 f5 34. Nb6 Rc6 35. Nd5 Kf7 36. Rd1 Nc3+ 37. Nxc3 bxc3 38. Re1 Re6 39. Rxe6 Kxe6 40. Ra7 Rxe7 41. Rxa6+ Kf7 42. a4 Rb7+ 43. Kc1 Rb2 44. Rc6 Ra2 45. Rxc3 Rxa4 46. Kd2 Kf6 47. Rd3 Kg5 48. Kc3 Kh4 49. Kb3 Ra1 50. c4 Rb1+ 51. Ka4 g5 52. c5 g4 53. hxg4 fxg4 54. c6 g3 55. Rd2 1-0


[Site "https://www.chess.com"]

[Event "Titled Tuesday Blitz June 27 Late 2023"]
[White "Piesik, Piotr"]
[Black "Martinez Reyes, Pedro Ramon"]
[WhiteFideId "1136194"]
[BlackFideId "3901807"]
[WhiteElo "2632"]
[BlackElo "2552"]
[Result "1-0"]
[Round "11"]
[TimeControl "180+2"]
[Date "2023.06.27"]
[WhiteClock "0:01:02"]
[BlackClock "0:00:19"]
[Board "38"]

1. Nf3 b5 2. g3 Bb7 3. Bg2 Nf6 4. O-O e6 5. d3 Be7 6. e4 d5 7. Nbd2 c5 8. e5 Nh5 9. c4 bxc4 10. dxc4 d4 11. Qe2 Nd7 12. Ne4 g6 13. Bh6 Qc7 14. g4 Nxe5 15. Nxe5 Qxe5 16. gxh5 gxh5 17. Nd6+ Qxd6 18. Bxb7 Rg8+ 19. Kh1 Rb8 20. Be4 f5 21. Qxh5+ Kd7 22. Bf3 Rxb2 23. Rab1 Rgb8 24. Rxb2 Rxb2 25. Bg5 d3 26. Bxe7 Qxe7 27. Rd1 d2 28. Qh6 Qd6 29. Qxh7+ Kc8 30. Qh8+ Kc7 31. Qxb2 Qf4 32. Qb7+ Kd6 33. Qb8+ Ke7 1-0


[Site "https://www.chess.com"]

[Event "Titled Tuesday Blitz June 27 Late 2023"]
[White "Moral Garcia, Serafin"]
[Black "Hoffmann, Asa"]
[WhiteFideId "2201925"]
[BlackFideId "2001470"]
[WhiteElo "2614"]
[BlackElo "2463"]
[Result "1/2-1/2"]
[Round "11"]
[TimeControl "180+2"]
[Date "2023.06.27"]
[WhiteClock "0:00:35"]
[BlackClock "0:00:26"]
[Board "39"]

1. c4 Nf6 2. Nc3 d6 3. g3 c6 4. Bg2 e5 5. d3 Be7 6. Rb1 Be6 7. Nf3 h6 8. O-O Qd7 9. b4 Bh3 10. e4 Bxg2 11. Kxg2 Qe6 12. Re1 Nbd7 13. Qb3 O-O 14. h3 Nh7 15. d4 Bg5 16. d5 Qf6 17. h4 Bxc1 18. Rbxc1 c5 19. a3 b6 20. Nd1 Qg6 21. Qd3 f5 22. exf5 Qxf5 23. Qxf5 Rxf5 24. Nd2 Nhf6 25. Nc3 Rf8 26. Nce4 Ne8 27. Re2 Ndf6 28. bxc5 bxc5 29. Rc3 Nxe4 30. Nxe4 R5f7 31. Rb3 Rd7 32. f3 Nf6 33. Nxf6+ Rxf6 34. Reb2 Rdf7 35. Rf2 g5 36. hxg5 hxg5 37. Re2 Kg7 38. Re4 Kg6 39. Rg4 Kf5 40. Kf2 Rh6 41. Kg2 Rfh7 42. Rb8 Rh2+ 43. Kf1 Rh1+ 44. Ke2 R7h2+ 45. Ke3 Re1+ 46. Kd3 Rd1+ 47. Kc3 Rc1+ 48. Kd3 Rd1+ 49. Kc3 Rc1+ 50. Kd3 Rd1+ 1/2-1/2


[Site "https://www.chess.com"]

[Event "Titled Tuesday Blitz June 27 Late 2023"]
[White "Osmak, Yuliia"]
[Black "He, Anthony"]
[WhiteFideId "14101602"]
[BlackFideId "2088215"]
[WhiteElo "2534"]
[BlackElo "2952"]
[Result "0-1"]
[Round "11"]
[TimeControl "180+2"]
[Date "2023.06.27"]
[WhiteClock "0:00:00"]
[BlackClock "0:01:11"]
[Board "40"]

1. e4 e5 2. Nf3 Nc6 3. Bb5 a6 4. Ba4 Nf6 5. Qe2 b5 6. Bb3 Bc5 7. c3 d6 8. d3 O-O 9. O-O h6 10. a4 Rb8 11. axb5 axb5 12. Be3 Bb6 13. Nbd2 Ne7 14. d4 Ng6 15. Rfd1 Qe7 16. Qxb5 Bg4 17. Qd3 Nh5 18. h3 Nhf4 19. Qf1 Bd7 20. Bc4 Kh7 21. Re1 f5 22. dxe5 dxe5 23. exf5 Bxf5 24. Bxf4 Nxf4 25. Rxe5 Qf6 26. Rae1 Qg6 27. Kh2 Qf6 28. Ne4 Qc6 29. Ng3 Bg6 30. b3 Nxg2 31. Qxg2 Qxf3 32. Qxf3 Rxf3 33. Ne4 Rbf8 34. Kg2 Bxe4 35. R1xe4 Rxf2+ 36. Kh1 Rd2 37. Re1 Rff2 38. R5e2 Rdxe2 39. Rxe2 Rf3 40. Kg2 Rxc3 41. Re7 Kg6 42. Rd7 Kf6 43. Rf7+ Kg6 44. Rd7 Rc1 45. Rd3 Kf5 46. Rg3 g5 47. Rf3+ Ke5 48. Rd3 Rc2+ 49. Kf3 h5 50. Rd5+ Kf6 51. Rd7 Rf2+ 52. Ke4 Rf4+ 53. Kd3 Rf3+ 54. Kc2 Rxh3 55. Rf7+ Ke5 56. Rg7 g4 57. Rg5+ Kf4 58. Rg8 Rh2+ 59. Kd3 g3 60. Rf8+ Kg4 61. Be6+ Kh4 62. Rf4+ Kg5 63. Rf5+ Kg6 64. Rf8 h4 65. Rg8+ Kf6 66. Bd5 Rf2 67. Be4 Ke5 68. Rg5+ Kf4 0-1


[Site "https://www.chess.com"]

[Event "Titled Tuesday Blitz June 27 Late 2023"]
[White "Matinian, Nikita"]
[Black "Leenhouts, Koen"]
[WhiteFideId "24129100"]
[BlackFideId "1008439"]
[WhiteElo "2709"]
[BlackElo "2552"]
[Result "1/2-1/2"]
[Round "11"]
[TimeControl "180+2"]
[Date "2023.06.27"]
[WhiteClock "0:00:31"]
[BlackClock "0:00:09"]
[Board "41"]

1. d4 Nf6 2. Nf3 g6 3. Bg5 Bg7 4. Nbd2 d5 5. e3 O-O 6. c3 Bg4 7. Bd3 Nbd7 8. h3 Bxf3 9. Nxf3 c6 10. h4 h5 11. Ne5 Nxe5 12. dxe5 Ng4 13. e6 f5 14. Qb3 Rb8 15. c4 Qd6 16. cxd5 cxd5 17. Bf4 Ne5 18. Bb1 Qxe6 19. a3 Kh7 20. Ba2 Qa6 21. Rd1 Rfd8 22. f3 Rbc8 23. Bxe5 Bxe5 24. Kf2 d4 25. Rhe1 dxe3+ 26. Rxe3 Rxd1 27. Qxd1 Qf6 28. g3 Bd4 29. Qb3 Bxe3+ 30. Kxe3 Qb6+ 31. Qxb6 axb6 32. Bd5 Rc7 33. Kd4 Kg7 34. Ke5 Rc2 35. b4 Rg2 36. Bxb7 Rxg3 37. a4 Rg1 38. a5 bxa5 39. bxa5 Ra1 40. a6 Kf7 41. Kd5 Kf6 42. f4 Ra4 43. Kc6 Rxf4 44. Kb5 Rf1 45. a7 Rb1+ 46. Kc5 Ra1 47. a8=Q Rxa8 48. Bxa8 e5 49. Kd5 e4 50. Kd4 g5 51. hxg5+ Kxg5 52. Ke3 Kg4 53. Bd5 h4 54. Be6 h3 55. Kf2 e3+ 56. Kxe3 Kg3 57. Bd5 h2 58. Ke2 f4 59. Bf3 Kh3 60. Kf2 h1=Q 61. Bxh1 f3 62. Bxf3 1/2-1/2


[Site "https://www.chess.com"]

[Event "Titled Tuesday Blitz June 27 Late 2023"]
[White "Perez, Maximiliano"]
[Black "Veiga, Jose Francisco R P Neves"]
[WhiteFideId "117234"]
[BlackFideId "1930087"]
[WhiteElo "2538"]
[BlackElo "2665"]
[Result "0-1"]
[Round "11"]
[TimeControl "180+2"]
[Date "2023.06.27"]
[WhiteClock "0:00:00"]
[BlackClock "0:00:49"]
[Board "42"]

1. e4 Nc6 2. Nf3 d6 3. d4 Nf6 4. Nc3 g6 5. d5 Nb8 6. h3 Bg7 7. Be2 O-O 8. O-O a5 9. a4 c6 10. Re1 Na6 11. Bf1 Nb4 12. Bg5 Qc7 13. Qd2 e6 14. dxe6 Bxe6 15. Rad1 d5 16. Bf4 Qb6 17. e5 Nd7 18. Nd4 Rae8 19. Bg3 Nc5 20. Kh2 Bc8 21. f4 f6 22. exf6 Bxf6 23. Rxe8 Rxe8 24. Nf3 Ne4 25. Nxe4 dxe4 26. Ne5 Bf5 27. Bc4+ Kg7 28. Nd7 Bxd7 29. Qxd7+ Re7 30. Qc8 Nd5 31. Rxd5 cxd5 32. Bxd5 Qd6 33. Qg8+ Kh6 34. c4 Rg7 35. Qc8 e3 36. Qg4 Re7 37. f5 Be5 38. Qh4+ Kg7 39. f6+ Qxf6 40. Bxe5 Qxe5+ 0-1


[Site "https://www.chess.com"]

[Event "Titled Tuesday Blitz June 27 Late 2023"]
[White "Liu, Casper"]
[Black "cafu1950"]
[WhiteFideId "1454153"]
[WhiteElo "2537"]
[BlackElo "2619"]
[Result "0-1"]
[Round "11"]
[TimeControl "180+2"]
[Date "2023.06.27"]
[WhiteClock "0:03:02"]
[BlackClock "0:02:48"]
[Board "43"]

1. e4 c5 2. d4 cxd4 3. Qxd4 Nc6 4. Qe3 Nf6 5. Nc3 d5 6. Bd2 d4 7. Qg3 dxc3 8. Bxc3 Nxe4 9. Qe3 Nxc3 10. Qxc3 Qa5 11. a3 Qxc3+ 12. bxc3 e6 13. O-O-O Bxa3+ 14. Kb1 O-O 15. Bb5 a6 16. Bd3 Ne5 17. Be4 Bd7 18. f4 Bc6 19. Bxc6 Nxc6 20. Nf3 Rfd8 21. Rd7 Rxd7 0-1


[Site "https://www.chess.com"]

[Event "Titled Tuesday Blitz June 27 Late 2023"]
[White "Bruedigam, Martin"]
[Black "Grinev, Valeriy"]
[WhiteFideId "24608033"]
[BlackFideId "14117517"]
[WhiteElo "2529"]
[BlackElo "2616"]
[Result "1-0"]
[Round "11"]
[TimeControl "180+2"]
[Date "2023.06.27"]
[WhiteClock "0:00:05"]
[BlackClock "0:00:25"]
[Board "44"]

1. c4 c5 2. b3 Nc6 3. Bb2 Nf6 4. Bxf6 exf6 5. Nc3 d6 6. g3 g6 7. Bg2 Bg7 8. e3 O-O 9. Nge2 f5 10. O-O Be6 11. d4 cxd4 12. exd4 Bd7 13. Nd5 Re8 14. Rc1 Qa5 15. Ndc3 f4 16. Nxf4 Nxd4 17. Bxb7 Rab8 18. Bg2 Bf5 19. Nfd5 h5 20. Re1 Bg4 21. Qd3 Bf5 22. Qd2 Kh7 23. Rxe8 Rxe8 24. Re1 Rxe1+ 25. Qxe1 Nc2 26. Qd2 Nb4 27. Ne4 Bxe4 28. Bxe4 Nc6 29. Qg5 Ne5 30. Qxh5+ Kg8 31. Qe2 f5 32. Bg2 Qc5 33. h3 a5 34. Kh2 a4 35. Nf4 Kh7 36. Bd5 a3 37. Ne6 Qb4 38. Ng5+ Kh8 39. f4 Qc3 40. fxe5 Bxe5 41. Nf7+ Kg7 42. Nxe5 dxe5 43. c5 e4 44. c6 Qb2 45. Bc4 Qe5 46. Qf2 e3 47. Qe2 f4 48. gxf4 Qxf4+ 49. Kg2 Qe4+ 50. Kg1 Qxc6 51. Qxe3 Qf6 52. Qf2 Qa1+ 53. Kg2 Qe5 54. Be2 Qb2 55. Bf3 Qe5 56. b4 Qg5+ 57. Kh1 Qc1+ 58. Kg2 Qb2 59. Qxb2+ axb2 60. Be4 Kf6 61. Bb1 g5 62. b5 Ke5 63. b6 Kd6 64. a4 Kc5 65. a5 Kb5 66. Kg3 Kxa5 67. b7 Kb4 68. b8=Q+ Kc3 69. Qg8 Kd2 70. Qg6 Kc1 71. Qc2# 1-0


[Site "https://www.chess.com"]

[Event "Titled Tuesday Blitz June 27 Late 2023"]
[White "Jovic, Stanoje"]
[Black "Gubajdullin, Alexei"]
[WhiteFideId "905020"]
[BlackFideId "4141202"]
[WhiteElo "2525"]
[BlackElo "2611"]
[Result "0-1"]
[Round "11"]
[TimeControl "180+2"]
[Date "2023.06.27"]
[WhiteClock "0:00:00"]
[BlackClock "0:00:43"]
[Board "45"]

1. c4 Nf6 2. g3 g6 3. Bg2 Bg7 4. Nc3 O-O 5. Nf3 d6 6. O-O Nc6 7. d3 e5 8. Rb1 h6 9. b4 a6 10. a4 Be6 11. b5 axb5 12. axb5 Ne7 13. e4 b6 14. h3 Nd7 15. Be3 f5 16. Nd5 Ra3 17. Ra1 Rxa1 18. Qxa1 f4 19. gxf4 exf4 20. Bd4 Bxd4 21. Nxd4 Nc5 22. Qa7 Nxd5 23. cxd5 Bd7 24. Rc1 f3 25. Nxf3 Rxf3 26. Bxf3 Qg5+ 27. Kh2 Qxc1 28. Qxc7 Qf4+ 29. Kg2 Bxh3+ 30. Kxh3 Qxf3+ 31. Kh2 Qxf2+ 32. Kh1 Nxd3 33. Qd8+ Qf8 34. Qxb6 Nf2+ 35. Kg2 Nxe4 36. Qd4 Qf4 37. b6 Qg4+ 38. Kh2 Qg3+ 39. Kh1 Nf2+ 40. Qxf2 Qxf2 41. b7 Qb6 0-1


[Site "https://www.chess.com"]

[Event "Titled Tuesday Blitz June 27 Late 2023"]
[White "Womacka, Mathias"]
[Black "Zeynalli, Rashad"]
[WhiteFideId "4611390"]
[BlackFideId "13403320"]
[WhiteElo "2512"]
[BlackElo "2601"]
[Result "1-0"]
[Round "11"]
[TimeControl "180+2"]
[Date "2023.06.27"]
[WhiteClock "0:00:12"]
[BlackClock "0:00:47"]
[Board "46"]

1. e4 c6 2. d4 d5 3. Nd2 dxe4 4. Nxe4 Nf6 5. Nxf6+ exf6 6. Bc4 Bd6 7. Qe2+ Qe7 8. Qxe7+ Kxe7 9. Ne2 Re8 10. Bf4 Bxf4 11. Nxf4 Kf8+ 12. Kd2 Nd7 13. Rae1 Rxe1 14. Rxe1 Nb6 15. Bd3 g6 16. c4 Bd7 17. Kc3 Re8 18. Rxe8+ Kxe8 19. c5 Na8 20. d5 Nc7 21. d6 Ne6 22. Nxe6 fxe6 23. f4 Kf7 24. Kd4 h6 25. g3 g5 26. h4 gxh4 27. gxh4 Kg7 28. b4 a6 29. a4 Kf7 30. Kc3 e5 31. fxe5 fxe5 32. Kd2 Ke6 33. Ke3 Kd5 34. Bg6 Kc4 35. Ke4 Kxb4 36. Kxe5 Kxc5 37. a5 Kb4 38. Bf5 Be8 39. Kf6 c5 40. Ke7 Bb5 41. Bd7 Bd3 42. Bc8 Bb5 43. Bxb7 c4 44. Bxa6 c3 45. Bxb5 c2 46. d7 c1=Q 47. d8=Q Qc5+ 48. Qd6 Kxb5 49. Qxc5+ Kxc5 50. Kf6 Kb5 51. Kg6 Kxa5 52. Kxh6 Kb6 53. Kg7 Kc7 54. h5 Kd8 55. h6 Ke8 56. h7 1-0


[Site "https://www.chess.com"]

[Event "Titled Tuesday Blitz June 27 Late 2023"]
[White "Fantinel, Thibault"]
[Black "Czerw, Dawid"]
[WhiteFideId "663395"]
[BlackFideId "1145746"]
[WhiteElo "2594"]
[BlackElo "2505"]
[Result "0-1"]
[Round "11"]
[TimeControl "180+2"]
[Date "2023.06.27"]
[WhiteClock "0:00:02"]
[BlackClock "0:00:03"]
[Board "47"]

1. c4 c6 2. g3 d5 3. Nf3 Nf6 4. Bg2 Bg4 5. Ne5 Bh5 6. cxd5 cxd5 7. Qa4+ Nbd7 8. Nc3 e6 9. g4 Bg6 10. h4 h5 11. Nxg6 fxg6 12. g5 Ng8 13. Qc2 Ne7 14. d4 Nf5 15. Qd3 Qb6 16. e4 dxe4 17. Bxe4 Bb4 18. O-O O-O 19. Be3 Qd6 20. Nb5 Qe7 21. a3 Bd6 22. Rac1 a6 23. Nxd6 Qxd6 24. Qb3 Nxh4 25. Qb4 Qxb4 26. axb4 Nb6 27. Rc7 Nd5 28. Rxb7 Rac8 29. Rc1 Rxc1+ 30. Bxc1 Nf4 31. Be3 Ne2+ 32. Kh2 Rd8 33. Rb6 Nxd4 34. Rxa6 Nhf5 35. Bxf5 gxf5 36. Bxd4 Rxd4 37. Rxe6 Kf7 38. Rb6 Rg4 39. f4 Rxf4 40. g6+ Ke7 41. b5 Rb4 42. Kg3 h4+ 43. Kh3 Kd7 44. Rb7+ Ke6 45. Rxg7 Kf6 46. Rb7 Kxg6 47. b6 Kg5 48. Rb8 Kf4 49. Kxh4 Rxb2 50. b7 Rh2# 0-1


[Site "https://www.chess.com"]

[Event "Titled Tuesday Blitz June 27 Late 2023"]
[White "Reprintsev, Alexander"]
[Black "Sun, Rick"]
[WhiteFideId "14100541"]
[BlackFideId "30909481"]
[WhiteElo "2489"]
[BlackElo "2589"]
[Result "0-1"]
[Round "11"]
[TimeControl "180+2"]
[Date "2023.06.27"]
[WhiteClock "0:00:08"]
[BlackClock "0:00:04"]
[Board "48"]

1. e4 d6 2. d4 Nf6 3. Nc3 Nbd7 4. f4 e5 5. Nf3 exd4 6. Qxd4 c6 7. Bd2 d5 8. e5 Bc5 9. Qd3 Ng4 10. Nd1 Qb6 11. Qe2 O-O 12. h3 Nh6 13. g4 Re8 14. c3 a5 15. Be3 f6 16. Bd4 fxe5 17. fxe5 Nf8 18. Bg2 Ne6 19. Qd2 Rf8 20. O-O Bd7 21. Nf2 Rxf3 22. Bxf3 Nxd4 23. cxd4 Bxd4 24. Kg2 Bxe5 25. Nd3 Bd6 26. Rae1 Qd4 27. Re2 Nf7 28. Nf2 Qf6 29. Qc3 Qh4 30. Nh1 Ng5 31. Qe1 Qxh3+ 32. Kg1 Nxf3+ 0-1


[Site "https://www.chess.com"]

[Event "Titled Tuesday Blitz June 27 Late 2023"]
[White "Bjelobrk, Igor"]
[Black "Tomaszewski, Kacper"]
[WhiteFideId "4300726"]
[BlackFideId "1127373"]
[WhiteElo "2578"]
[BlackElo "2478"]
[Result "1-0"]
[Round "11"]
[TimeControl "180+2"]
[Date "2023.06.27"]
[WhiteClock "0:00:14"]
[BlackClock "0:00:10"]
[Board "49"]

1. d4 Nf6 2. c4 e6 3. g3 d5 4. Nf3 c5 5. cxd5 cxd4 6. Bg2 Qxd5 7. Qxd4 Nc6 8. Qxd5 Nxd5 9. O-O Be7 10. e4 Nb6 11. Nc3 O-O 12. Bf4 Rd8 13. Rfd1 Nc4 14. b3 Rxd1+ 15. Rxd1 e5 16. Bc1 Nb6 17. Nd5 f6 18. Nxe7+ Nxe7 19. Rd8+ Kf7 20. Be3 Nc6 21. Rh8 h6 22. Bxb6 axb6 23. Bf1 Rb8 24. Nd2 Be6 25. Rxb8 Nxb8 26. f4 exf4 27. gxf4 f5 28. exf5 Bxf5 29. Nc4 Bb1 30. a3 Nd7 31. Nd6+ Ke7 32. Nxb7 Bc2 33. b4 Be4 34. Bg2 Bxg2 35. Kxg2 Nf6 36. a4 Kd7 37. a5 Kc7 38. a6 Nd5 39. b5 Nc3 40. Nd6 Kb8 41. Kf3 g5 42. f5 Nd5 43. Ke4 Nf6+ 44. Kd4 Ng4 45. h3 Nf6 46. Ke5 Nd7+ 47. Kd5 Nf6+ 48. Ke6 h5 49. Kxf6 g4 50. hxg4 h4 51. Ne4 h3 52. Nf2 h2 53. g5 Ka7 54. Nh1 Kb8 55. g6 Ka7 56. Ke6 Kb8 57. Kd6 Ka7 58. Kc6 Kb8 59. Kxb6 Ka8 60. g7 1-0


[Site "https://www.chess.com"]

[Event "Titled Tuesday Blitz June 27 Late 2023"]
[White "Ganiev, Roman"]
[Black "Taranenko, Evgueniy"]
[WhiteFideId "4131452"]
[BlackFideId "14122138"]
[WhiteElo "2575"]
[BlackElo "2339"]
[Result "1-0"]
[Round "11"]
[TimeControl "180+2"]
[Date "2023.06.27"]
[WhiteClock "0:00:50"]
[BlackClock "0:00:17"]
[Board "50"]

1. e4 c5 2. Nf3 Nc6 3. Bb5 e6 4. Bxc6 bxc6 5. d3 Ne7 6. Ng5 f6 7. Nh3 d5 8. O-O e5 9. f4 Bxh3 10. Qh5+ g6 11. Qxh3 Qd7 12. Qh4 Bg7 13. fxe5 fxe5 14. Bg5 Nc8 15. Nc3 Nb6 16. Bf6 O-O 17. Bxg7 Kxg7 18. Qg5 Qe6 19. a4 h6 20. Qg3 Nd7 21. Rae1 d4 22. Nd1 c4 23. h4 cxd3 24. cxd3 h5 25. Qg5 Nc5 26. Qg3 Nxa4 27. Nf2 Rf7 28. Nh3 Rxf1+ 29. Rxf1 Rf8 30. Ra1 Nxb2 31. Rxa7+ Rf7 32. Ng5 Rxa7 33. Nxe6+ Kf6 34. Qg5+ Kxe6 35. Qxg6+ Kd7 36. Qg7+ Kd6 37. Qxa7 Nxd3 38. Qa3+ Nc5 39. g4 d3 40. Qb4 hxg4 41. h5 d2 42. Qxd2+ Ke6 43. Qh6+ Kd7 44. Qg6 Nd3 45. h6 Nf4 46. Qg7+ Ke6 47. h7 1-0


[Site "https://www.chess.com"]